 Dungeon Crawl Stone Soup version 0.28-a0-863-g8cecda6153 (webtiles) character file.

Game seed: 12519921515463066290

113141 Raultor the Fencer (level 17, -3/138 HPs)
             Began as a Formicid Fighter on Nov 12, 2021.
             Was the Champion of Okawaru.
             Slain by a spark wasp (14 damage)
             ... on level 1 of the Depths on Nov 18, 2021.
             The game lasted 01:33:59 (28646 turns).

Raultor the Fencer (Formicid Fighter)              Turns: 28646, Time: 01:34:01

Health: -3/138     AC: 31    Str: 29    XL:     17   Next: 17%
Magic:  27/27      EV:  9    Int: 13    God:    Okawaru [******]
Gold:   1947       SH: 21    Dex: 14    Spells: 20/26 levels left

rFire   + + +      SeeInvis +   W - +5 double sword (spect)
rCold   + . .      Faith    .   I - +3 tower shield {reflect}
rNeg    . . .      Spirit   .   D - +7 chain mail of Sin {rC+ Str+4}
rPois   .          Reflect  +   (helmet unavailable)
rElec   .          Harm     .   s - +1 cloak {rF+}
rCorr   .          Rampage  +   k - +2 pair of gloves {Str+3}
Will    +....                   P - +0 pair of boots {rampage}
Stlth   ..........              t - amulet of regeneration
HPRegen 1.33/turn               S - ring "Zagomae" {rF++ Int+3 SInv Stlth+}
MPRegen 0.20/turn               T - +4 ring of protection

@: no status effects
A: permanent stasis, dig shafts and tunnels, antennae 3, four strong arms
a: Dig, Shaft Self, Renounce Religion, Heroism, Finesse, Duel


You were on level 1 of the Depths.
You worshipped Okawaru.
Okawaru was exalted by your worship.
You visited 5 branches of the dungeon, and saw 25 of its levels.
You also visited: Ossuary and Volcano.

You collected 3297 gold pieces.
You spent 1350 gold pieces at shops.


Innate Abilities, Weirdness & Mutations

You cannot be hasted, slowed, berserked, paralysed or teleported.
You can dig through walls and to a lower floor.
You have a pair of large antennae on your head. (SInv)
Your four strong arms can wield two-handed weapons with a shield.


   Skills:
 + Level 13.9 Fighting
 - Level 16.0 Long Blades
 + Level 13.1 Armour
 + Level 14.5 Shields
 + Level 5.3 Spellcasting
 + Level 5.7 Transmutations
 + Level 6.3 Earth Magic
 + Level 13.4 Invocations


You had 20 spell levels left.
You knew the following spells:

 Your Spells              Type           Power      Damage    Failure   Level
a - Passwall              Tmut/Erth      15%        N/A       9%          2
u - Passage of Golubria   Tloc           3%         N/A       100%        4

Your spell library contained the following spells:

 Spells                   Type           Power      Damage    Failure   Level
 Sandblast                Erth           38%        2d10      5%          1
 Beastly Appendage        Tmut           36%        N/A       7%          1
 Wereblood                Tmut           18%        N/A       10%         2
 Stone Arrow              Conj/Erth      22%        3d8       52%         3
 Spider Form              Tmut/Pois      10%        N/A       54%         3
 Slow                     Hex            12%        N/A       56%         1
 Ensorcelled Hibernation  Hex/Ice        6%         N/A       71%         2
 Static Discharge         Conj/Air       3%         N/A       71%         2
 Lee's Rapid Deconstruct  Erth           9%         3d8*      83%         5
 Blade Hands              Tmut           9%         N/A       88%         5
 Confusing Touch          Hex            3%         N/A       91%         3
 Gell's Gravitas          Tloc           3%         N/A       91%         3
 Lesser Beckoning         Tloc           3%         N/A       91%         3
 Portal Projectile        Hex/Tloc       6%         N/A       91%         3
 Teleport Other           Tloc           3%         N/A       91%         3
 Yara's Violent Unravell  Hex/Tmut       5%         3d4       99%         5
 Dispel Undead            Necr           3%         3d7       100%        4
 Sticky Flame             Conj/Fire      3%         2d3       100%        4
 Excruciating Wounds      Necr           1%         N/A       100%        5
 Silence                  Hex/Air        1%         N/A       100%        5
 Lehudib's Crystal Spear  Conj/Erth      5%         10d3      100%        8
 Necromutation            Tmut/Necr      5%         N/A       100%        8
 Shatter                  Erth           9%         3d11*     100%        9

Inventory:

Hand Weapons
 n - a +0 falchion of flaming
 o - the +2 long sword of Epyhapt {vorpal, rN+}
   (You bought it in a shop on level 7 of the Dungeon)

   It inflicts extra damage upon your enemies.
   rN:        It protects you from negative energy.
 H - a +4 hunting sling of freezing
 W - a +5 spectral double sword (weapon)
Missiles
 K - 2 throwing nets {=f}
 L - 120 sling bullets
Armour
 j - the +9 plate armour of Laykhliw {Contam Harm Slay+3}
   (You bought it in a shop on level 1 of the Orcish Mines)

   Slay:      It affects your accuracy & damage with ranged weapons and melee
   (+3).
   Contam:    It causes magical contamination when unequipped.
   Harm:      It increases damage dealt and taken.
 k - a +2 pair of gloves of strength (worn)
 m - +2 storm dragon scales
 s - a +1 cloak of fire resistance (worn)
 D - the +7 chain mail of Sin (worn) {rC+ Str+4}
   (You found it on level 5 of the Dungeon)

   Str:       It affects your strength (+4).
   rC:        It protects you from cold.
 I - a +3 tower shield of reflection (worn)
 O - the +0 chain mail of the Mind {rPois Str+3}
   (You found it on level 4 of the Lair of Beasts)

   Str:       It affects your strength (+3).
   rPois:     It protects you from poison.
 P - a +0 pair of boots of rampaging (worn)
Magical Staves
 l - a staff of earth {!a}
Jewellery
 t - an amulet of regeneration (around neck)
 C - a ring of ice
 F - a ring of protection from fire
 N - a ring of positive energy
 R - a ring of resist corrosion
 S - the ring "Zagomae" (left hand) {rF++ Int+3 SInv Stlth+}
   (You found it on level 9 of the Dungeon)

   [ring of see invisible]

   Int:       It affects your intelligence (+3).
   rF:        It greatly protects you from fire.
   SInv:      It lets you see invisible.
   Stlth:     It makes you more stealthy.
 T - a +4 ring of protection (right hand)
Wands
 a - a wand of paralysis (15)
 u - a wand of iceblast (43)
 G - a wand of acid (20)
 M - a wand of mindburst (35)
 Z - a wand of digging (12)
Scrolls
 c - a scroll of magic mapping
 f - 4 scrolls of fog
 h - 3 scrolls of enchant armour
 p - a scroll of holy word
 q - 3 scrolls of immolation
 r - a scroll of silence {!r}
 v - 2 scrolls of fear
 y - 6 scrolls of amnesia
 E - 2 scrolls of enchant weapon
 J - a scroll of brand weapon
 Q - a scroll of vulnerability
 Y - a scroll of identify {@r1}
Potions
 b - 3 potions of mutation
 d - 2 potions of might
 g - 9 potions of curing {@q1}
 w - a potion of invisibility
 x - 4 potions of flight
 z - 2 potions of brilliance
 A - 2 potions of lignification
 B - 4 potions of cancellation
 U - 5 potions of heal wounds {@q2}
 V - 2 potions of resistance
 X - 2 potions of magic

Dungeon Overview and Level Annotations

Branches:
Dungeon (15/15)            Temple (1/1) D:7            Lair (6/6) D:10
  Swamp (0/4) Lair:4        Snake (0/4) Lair:2        Slime (0/5) Lair:5
    Orc (2/2) D:9             Elf (0/3) Orc:2        Vaults (0/5) D:14
 Depths (1/4) D:15        Ossuary (visited)         Volcano (visited)

Altars:
Ashenzari
Cheibriados
Dithmenos
Elyvilon
Fedhas
Gozag
Hepliaklqana
Kikubaaqudgha
Makhleb
Nemelex Xobeh
Okawaru
Qazlal
Ru
Sif Muna
Trog
Uskayaw
Vehumet
Wu Jian
Xom
Yredelemnul
Zin
The Shining One
Beogh

Shops:
D:5 *   D:7 [(:((   D:8 *   Orc:1 [   Orc:2 :=?:

Portals:
Ziggurat: Depths:1

### #.##..# #+#.# {∩.##.. {
+...#### #A##...
##......###### ###....
####........#...# {.#.....
##..##.....###..§#+##.......
.....#.....#.......#.#...
.....'....##'###{y.'.Q✱...
+########'#....#@###.#..#+
.....)#...........#..# #
......#+##........####
.....##..+........# {
.....#...#####...## {{{
....##.......#...# { {
....#......^.##.#.+ {
##..#.......>.+.#.#
.#'##........#


You could see a spark wasp, a tengu conjurer, a battlesphere and a friendly +5
spectral double sword (summoned).


Message History

You catch the helpless Nikola completely off-guard!
You slice Nikola!!
Nikola is almost dead.
Your +5 spectral double sword hits Nikola!!
Nikola hits you with a +2 rapier of electrocution!
* * * LOW HITPOINT WARNING * * *
You hit Nikola.
Nikola is almost dead.
Your +5 spectral double sword hits Nikola!
You kill Nikola!
Okawaru accepts your kill.
A spark wasp comes into view.
The spark wasp buzzes angrily.
A tengu conjurer comes into view.
The tengu conjurer casts a spell.
The tengu conjurer conjures a globe of magical energy!
You hear a deafening roar!
A battlesphere comes into view.
There is an open door here.
You slice the spark wasp!!
The spark wasp is moderately wounded.
Your +5 spectral double sword barely misses the spark wasp.
You block the spark wasp's attack.
You hit the spark wasp.
The spark wasp is heavily wounded.
Your +5 spectral double sword hits the spark wasp!!
The spark wasp stings you!
* * * LOW HITPOINT WARNING * * *
The spark wasp shocks you!
You die...

Skill      XL: |  1  2  3  4  5  6  7  8  9 10 11 12 13 14 15 16 17 |
---------------+----------------------------------------------------+-----
Long Blades    | 3 4 5 6 7 8 10 11 12 14 15 16 | 16.0
Fighting       | 4 5 6 7 8 9 10 11 12 13 | 13.9
Shields        | 4 5 6 7 8 9 10 11 12 13 14 | 14.5
Invocations    | 2 4 6 7 9 10 11 12 13 | 13.4
Armour         | 4 5 6 8 9 10 11 12 13 | 13.1
Earth Magic    | 3 5 6 |  6.3
Spellcasting   | 2 5 |  5.3
Transmutations | 2 5 |  5.7

Action                   |  1- 3 |  4- 6 |  7- 9 | 10-12 | 13-15 | 16-18 || total
-------------------------+-------+-------+-------+-------+-------+-------++-------
Melee: Long sword        |    66 |       |   162 |   326 |       |       ||   554
       Great sword       |     4 |   167 |   181 |       |       |       ||   352
       Double sword      |       |       |       |   327 |   983 |   344 ||  1654
       Short sword       |       |       |       |       |    24 |       ||    24
       Falchion          |       |       |       |       |       |     8 ||     8
 Fire: Hunting sling     |       |       |       |       |    34 |    14 ||    48
Invok: Heroism           |       |       |       |     1 |     3 |       ||     4
       Finesse           |       |       |       |       |     4 |       ||     4
 Abil: Dig               |     1 |     2 |     1 |     6 |    16 |     3 ||    29
  Use: Scroll            |       |       |     6 |     5 |    17 |       ||    28
       Potion            |       |       |       |       |       |     1 ||     1
 Stab: Distracted        |       |       |       |       |     3 |     4 ||     7
       Petrified         |       |       |       |       |       |     3 ||     3
Armor: Scale mail        |    26 |    97 |    71 |       |       |       ||   194
       Chain mail        |       |       |   134 |   334 |   411 |   120 ||   999
Dodge: Dodged            |    37 |    80 |   134 |   229 |   224 |    45 ||   749
Block: Buckler           |    13 |    39 |    79 |   130 |       |       ||   261
       Kite shield       |       |       |       |    92 |   276 |       ||   368
       Tower shield      |       |       |       |       |   319 |   253 ||   572
       Reflection        |       |       |       |       |    59 |    20 ||    79

Levels and vault maps discovered:
D:1:      amcnicky_arrival_double_pillar, layout_rooms,
          shapermc_ecumenical_altar_starsandcircs, minmay_bisected
D:2:      layout_rooms, serial_curves, eino_curves_04, eino_curves_01,
          eino_curves_01, uniq_terence
D:3:      layout_basic, doesnt_xom_only_xom
D:4:      layout_loops_corners, mainiacjoe_overflow_chevrons, fedhas_altar_1,
          amcnicky_altar_gilded, nicolae_uskayaw_murder_on_the_dancefloor,
          amcnicky_mini_corridor_feature, uniq_ijyb
D:5:      layout_rooms, gup_ossuary_entry_pyramid, nicolae_shop_gadgets
D:6:      layout_cave_pods
D:7:      layout_loops_ring, temple_doors_e, serial_shops, shop, shop,
          nicolae_shop_overgrown_old_shop, nicolae_stop_n_shop_1,
          kennysheep_mini, minmay_fire_ice_demons, uniq_joseph, uniq_harold
D:8:      layout_basic, lemuel_blue_sif_altar, serial_shops,
          nicolae_lakefront_shop, minmay_liquid_box, nicolae_water_bricks
D:9:      layout_stronghold, grunt_temple_overflow_diamond, hiddenorc2_lemuel
D:10:     layout_cave_pools, mainiacjoe_overflow_alcove_2, david_lair_shrubbed,
          uniq_snorg
D:11:     minmay_general_purpose_star, layout_gridville, ebering_ghost_gozag,
          uniq_urug
D:12:     layout_loops_ring, chequers_serial_rivers_micro_d
D:13:     layout_long_grid
D:14:     layout_basic, grunt_vaults_entry_fortified, lemuel_round_altar,
          uniq_josephine
D:15:     grunt_enter_depths_magical_seal, layout_basic,
          ashenzari_conservatory_becter, hive_lemuel
Temple:   nicolae_temple_hex_pool
Lair:1:   layout_cave_pods, serial_bayou_shore_b, uniq_sonja, uniq_gastronok
Lair:2:   layout_long_grid, guppyfry_snake_entry_garden, minmay_holes,
          nzn_random_ring, grunt_megastairs_2
Lair:3:   layout_concentric_octagons, basic_altar
Lair:4:   layout_hall_layers, swamp_mist
Lair:5:   layout_misc_corridors, nicolae_slime_entry_slimehenge,
          maelrawn_ghost_gauntlet_escape, serial_bayou_shore_b
Lair:6:   hangedman_lair_in_review, layout_regular_city
Orc:1:    layout_caves, nicolae_volcano_entry_s_turn, serial_shops, shop,
          roderic_batcave, nicolae_orc_flooded_monolith, abandoned_shop,
          uniq_maurice
Orc:2:    st_orc_rangers, layout_diamond_mine, basic_altar,
          gammafunk_ghost_grave, minmay_orc_keep
Depths:1: layout_honeycomb, enter_ziggurat_f, gammafunk_ghost_ooze,
          nicolae_vehumet_radiance, pf_vacation_house_of_asmodeus,
          hangedman_abyss_or_decor_lesser_grid, nicolae_danse_macabre,
          uniq_sojobo, uniq_nikola

Notes
Turn   | Place    | Note
-------+----------+-------------------------------------------
     0 | D:1      | Raultor the Formicid Fighter began the quest for the Orb.
     0 | D:1      | Reached XP level 1. HP: 18/18 MP: 1/1
   301 | D:1      | Reached XP level 2. HP: 23/24 MP: 2/2
   585 | D:1      | Found a faded altar of an unknown god.
   771 | D:1      | Reached XP level 3. HP: 30/30 MP: 3/3
   787 | D:2      | Reached skill level 3 in Long Blades
  1030 | D:2      | Noticed Terence
  1052 | D:2      | Killed Terence
  1053 | D:2      | Reached skill level 4 in Fighting
  1053 | D:2      | Reached skill level 4 in Shields
  1053 | D:2      | Reached XP level 4. HP: 37/37 MP: 4/4
  1584 | D:3      | Reached XP level 5. HP: 37/42 MP: 5/5
  1933 | D:3      | Found a hide-covered altar of Uskayaw.
  1935 | D:3      | Found a hazy altar of Hepliaklqana.
  1935 | D:3      | Found a shimmering altar of Xom.
  1937 | D:3      | Found a stormy altar of Qazlal.
  1937 | D:3      | Found a hazy altar of Hepliaklqana.
  1937 | D:3      | Found a shimmering altar of Xom.
  2266 | D:4      | Reached skill level 4 in Long Blades
  2451 | D:4      | Found a radiant altar of Vehumet.
  2549 | D:4      | Got the Incunabulum of the Unstable Mountains
  2563 | D:4      | Found a hide-covered altar of Uskayaw.
  2682 | D:4      | Found a blossoming altar of Fedhas.
  2728 | D:4      | Reached XP level 6. HP: 43/49 MP: 4/6
  2921 | D:4      | Found an iron altar of Okawaru.
  2938 | D:4      | Became a worshipper of Warmaster Okawaru
  3003 | D:4      | Noticed Ijyb
  3016 | D:4      | Killed Ijyb
  3220 | D:5      | Entered Level 5 of the Dungeon
  3235 | D:5      | Reached skill level 5 in Long Blades
  3235 | D:5      | Reached skill level 5 in Shields
  3278 | D:5      | Reached skill level 5 in Fighting
  3278 | D:5      | Reached XP level 7. HP: 55/56 MP: 7/7
  3346 | D:5      | Found Jiuczyod's Gadget Gallery.
  3368 | D:5      | Reached * piety under Okawaru
  3411 | D:5      | Found a sand-covered staircase.
  3419 | Ossuary  | Entered an ossuary
  3570 | Ossuary  | Reached skill level 6 in Long Blades
  3755 | D:5      | Reached skill level 6 in Shields
  3755 | D:5      | Reached XP level 8. HP: 45/64 MP: 6/8
  3963 | D:5      | Identified the +7 chain mail of Sin {rC+ Str+4}
  4308 | D:6      | Reached ** piety under Okawaru
  4309 | D:6      | Reached skill level 6 in Fighting
  4309 | D:6      | Reached skill level 1 in Invocations
  4528 | D:6      | Reached skill level 7 in Long Blades
  4713 | D:6      | Reached skill level 4 in Armour
  4713 | D:6      | Reached skill level 2 in Invocations
  5221 | D:7      | Found Nual's Antique Weapon Shoppe.
  5224 | D:7      | Bought a bone long sword for 195 gold pieces
  5224 | D:7      | Identified the +2 long sword of Epyhapt {vorpal, rN+} (You
                  | bought it in a shop on level 7 of the Dungeon)
  5282 | D:7      | Noticed Joseph
  5314 | D:7      | HP: 3/64 [Joseph (8)]
  5315 | D:7      | Killed Joseph
  5315 | D:7      | Reached *** piety under Okawaru
  5316 | D:7      | Reached XP level 9. HP: 4/71 MP: 0/11
  5673 | D:7      | Found a staircase to the Ecumenical Temple.
  5678 | Temple   | Entered the Ecumenical Temple
  5866 | D:7      | Reached skill level 3 in Invocations
  6012 | D:7      | Found Gelomadghui's Antique Weapon Shop.
  6041 | D:7      | Reached skill level 7 in Shields
  6135 | D:7      | Noticed Harold
  6157 | D:6      | Reached skill level 8 in Long Blades
  6362 | D:7      | Reached skill level 5 in Armour
  6400 | D:7      | You fall into a shaft and drop 1 floor!
  6413 | D:8      | Reached skill level 7 in Fighting
  6474 | D:8      | Reached skill level 4 in Invocations
  6875 | D:7      | Reached XP level 10. HP: 76/79 MP: 13/13
  6910 | D:7      | Reached **** piety under Okawaru
  6985 | D:7      | Killed Harold
  6986 | D:7      | Reached skill level 9 in Long Blades
  6986 | D:7      | Reached skill level 6 in Armour
  6986 | D:7      | Reached skill level 8 in Shields
  6986 | D:7      | Reached skill level 5 in Invocations
  7097 | D:7      | Found Caefumi's Book Boutique.
  7149 | D:7      | Found Uxutijyi's Armour Shop.
  7156 | D:7      | Bought a +0 pair of gloves for 49 gold pieces
  7156 | D:7      | Bought a +0 pair of boots of rampaging for 126 gold pieces
  7261 | D:7      | Found Nulol's Antique Weapon Shoppe.
  7633 | D:8      | Noticed a gargoyle
  7642 | D:8      | Killed a gargoyle
  8062 | D:8      | Reached skill level 8 in Fighting
  8262 | D:8      | Found Goneed's Assorted Antiques.
  8672 | D:8      | Found a shimmering blue altar of Sif Muna.
  8913 | D:9      | Noticed a brown ugly thing
  8951 | D:9      | HP: 7/80 [acid (5)]
  9529 | D:9      | Found a glowing golden altar of the Shining One.
  9532 | D:9      | Found a basalt altar of Yredelemnul.
  9536 | D:9      | Found a bloodstained altar of Trog.
  9645 | D:9      | Noticed a two-headed ogre
  9675 | D:8      | Killed a brown ugly thing
  9676 | D:8      | Reached skill level 10 in Long Blades
  9676 | D:8      | Reached skill level 6 in Invocations
  9676 | D:8      | Reached XP level 11. HP: 31/86 MP: 7/15
  9920 | D:8      | Killed a two-headed ogre
  9920 | D:8      | Reached ***** piety under Okawaru
  9921 | D:8      | Reached skill level 7 in Armour
  9921 | D:8      | Reached skill level 9 in Shields
 10112 | D:9      | Identified the ring "Zagomae" {rF++ Int+3 SInv Stlth+}
 10197 | D:9      | Found a staircase to the Orcish Mines.
 10335 | D:9      | Noticed a two-headed ogre
 10345 | D:9      | Killed a two-headed ogre
 10617 | D:9      | Learned a level 2 spell: Passwall
 10899 | D:10     | Entered Level 10 of the Dungeon
 11042 | D:10     | Noticed a two-headed ogre
 11056 | D:10     | Killed a two-headed ogre
 11056 | D:10     | Received a gift from Okawaru
 11222 | D:10     | Reached skill level 7 in Invocations
 11333 | D:10     | Found a staircase to the Lair.
 11534 | D:10     | Noticed Snorg
 11542 | D:10     | Reached skill level 9 in Fighting
 11565 | D:10     | Killed Snorg
 11566 | D:10     | Reached skill level 11 in Long Blades
 12064 | D:10     | Found an ancient bone altar of Kikubaaqudgha.
 12220 | Lair:1   | Entered Level 1 of the Lair of Beasts
 12406 | Lair:1   | Reached skill level 8 in Armour
 12554 | Lair:1   | Received a gift from Okawaru
 12555 | Lair:1   | Reached XP level 12. HP: 96/96 MP: 17/17
 12656 | Lair:1   | Noticed Sonja
 12687 | Lair:1   | Killed Sonja
 12688 | Lair:1   | Reached skill level 8 in Invocations
 12903 | Lair:1   | Reached skill level 10 in Shields
 13254 | Lair:1   | Noticed Gastronok
 13284 | Lair:1   | Killed Gastronok
 13285 | Lair:1   | Reached skill level 12 in Long Blades
 13549 | Lair:2   | Identified the +4 robe of Hedging {*Corrode rElec rC+
                  | Dex+2}
 13558 | Lair:2   | Reached skill level 10 in Fighting
 14004 | Lair:2   | Reached skill level 9 in Armour
 14353 | Lair:2   | Found a staircase to the Snake Pit.
 14566 | Lair:2   | Reached skill level 9 in Invocations
 14589 | Lair:2   | Reached XP level 13. HP: 87/104 MP: 17/19
 14761 | Lair:2   | Noticed a four-headed hydra
 14773 | Lair:2   | Killed a four-headed hydra
 15044 | Lair:3   | Reached skill level 13 in Long Blades
 15179 | Lair:3   | Found a shimmering blue altar of Sif Muna.
 15229 | Lair:3   | Reached skill level 11 in Shields
 15243 | Lair:3   | Reached ****** piety under Okawaru
 15243 | Lair:3   | Received a gift from Okawaru
 15613 | Lair:3   | Reached skill level 11 in Fighting
 15861 | Lair:3   | Reached skill level 10 in Armour
 15865 | Lair:3   | Reached skill level 10 in Invocations
 16418 | Lair:4   | Identified the +0 chain mail of the Mind {rPois Str+3}
 16693 | Lair:4   | Received a gift from Okawaru
 16729 | Lair:4   | Identified the +9 shortbow "Goilats Faagh" {freeze, Fly
                  | Int+4}
 16921 | Lair:4   | Reached skill level 14 in Long Blades
 16950 | Lair:4   | Reached XP level 14. HP: 71/113 MP: 13/21
 17185 | Lair:4   | Found a staircase to the Swamp.
 17648 | Lair:5   | Found a staircase to the Slime Pits.
 17700 | Lair:5   | Reached skill level 12 in Shields
 17920 | Lair:5   | Noticed vurker's ghost (journeyman FeAE)
 17922 | Lair:5   | Noticed a minotaur
 17947 | Lair:5   | Found a runed translucent gate.
 17947 | Lair:5   | Found a runed translucent gate.
 17947 | Lair:5   | Found a runed translucent gate.
 18109 | Lair:5   | Killed vurker's ghost
 18124 | Lair:5   | Killed a minotaur
 18573 | Lair:6   | Entered Level 6 of the Lair of Beasts
 18786 | Lair:5   | Reached skill level 11 in Invocations
 19240 | Lair:6   | Received a gift from Okawaru
 19308 | Lair:6   | Reached skill level 11 in Armour
 19487 | Lair:6   | Reached skill level 12 in Fighting
 19541 | Lair:6   | Noticed a dire elephant
 19551 | Lair:6   | Killed a dire elephant
 19585 | Lair:6   | Got Quozufer's Handbook of Sinister Rites
 19739 | Lair:6   | Reached skill level 15 in Long Blades
 20465 | Lair:6   | Reached XP level 15. HP: 121/121 MP: 23/23
 20824 | Lair:6   | Identified a scroll of acquirement
 20831 | Lair:6   | Acquired a +2 tower shield of reflection
 21341 | Orc:1    | Entered Level 1 of the Orcish Mines
 21360 | Orc:1    | Found Laineful's Antique Armour Shop.
 21389 | Orc:1    | Found a dark tunnel.
 21396 | Volcano  | Entered a volcano
 21665 | Orc:1    | Bought a transparent plate armour for 924 gold pieces
 21665 | Orc:1    | Identified the +9 plate armour of Laykhliw {Contam Harm
                  | Slay+3} (You bought it in a shop on level 1 of the Orcish
                  | Mines)
 21738 | Orc:2    | Entered Level 2 of the Orcish Mines
 21738 | Orc:2    | Found a staircase to the Elven Halls.
 21755 | Orc:2    | Received a gift from Okawaru
 21830 | Orc:2    | Reached skill level 13 in Shields
 21845 | Orc:2    | Identified the +6 spear of Defilement {flame, rN+}
 21964 | Orc:2    | Received a gift from Okawaru
 22087 | Orc:2    | Reached skill level 12 in Invocations
 22120 | Orc:2    | Found Nexyeps's Magic Scroll Shop.
 22120 | Orc:2    | Found Etwavvaf's Jewellery Emporium.
 22122 | Orc:2    | Found Nileaff's Book Shoppe.
 22124 | Orc:2    | Found Nulas's Book Boutique.
 22138 | Orc:2    | Bought a scroll of magic mapping for 56 gold pieces
 22226 | Orc:2    | Found a runed translucent door.
 22226 | Orc:2    | Noticed emiel's ghost (journeyman DsWn)
 22242 | Orc:2    | Killed emiel's ghost
 23017 | Orc:1    | Noticed Maurice
 23021 | Orc:1    | Killed Maurice
 23356 | D:11     | Found a runed translucent gate.
 23356 | D:11     | Found a runed translucent gate.
 23356 | D:11     | Found a runed translucent gate.
 23357 | D:11     | Found an opulent altar of Gozag.
 23358 | D:11     | Noticed sn0wgr3's ghost (journeyman GrFi)
 23380 | D:11     | Reached skill level 1 in Earth Magic
 23391 | D:11     | Killed sn0wgr3's ghost
 23392 | D:11     | Reached skill level 1 in Spellcasting
 23392 | D:11     | Reached skill level 1 in Transmutations
 23545 | D:11     | Noticed Urug
 23552 | D:11     | Killed Urug
 23823 | D:11     | Identified the +9 long sword of the Wizarding Oracle
                  | {drain, rF+ Dex+4 SInv Stlth-}
 23854 | D:11     | Identified a potion of resistance
 23920 | D:11     | Reached skill level 12 in Armour
 24124 | D:12     | Reached skill level 2 in Transmutations
 24124 | D:12     | Reached skill level 2 in Earth Magic
 24170 | D:12     | Received a gift from Okawaru
 24171 | D:12     | Reached skill level 16 in Long Blades
 24462 | D:12     | Reached skill level 2 in Spellcasting
 24624 | D:12     | Learned a level 4 spell: Passage of Golubria
 25124 | D:13     | Reached skill level 13 in Fighting
 25150 | D:13     | Reached skill level 3 in Earth Magic
 25189 | D:13     | Reached XP level 16. HP: 102/130 MP: 22/25
 25320 | D:13     | Upgraded the game from 0.28-a0-845-gfc338a8e3c to
                  | 0.28-a0-863-g8cecda6153
 25337 | D:13     | Reached skill level 3 in Transmutations
 25993 | D:14     | Noticed Josephine
 26000 | D:14     | Killed Josephine
 26001 | D:14     | Reached skill level 3 in Spellcasting
 26174 | D:14     | Found a glowing silver altar of Zin.
 26181 | D:14     | Reached skill level 4 in Earth Magic
 26260 | D:14     | Received a gift from Okawaru
 26329 | D:14     | Found a gate to the Vaults.
 26341 | D:14     | Reached skill level 4 in Transmutations
 26834 | D:14     | Reached skill level 4 in Spellcasting
 26999 | D:15     | Entered Level 15 of the Dungeon
 27161 | D:15     | Found a broken altar of Ashenzari.
 27214 | D:15     | Reached skill level 14 in Shields
 27383 | D:15     | Reached skill level 5 in Earth Magic
 27388 | D:15     | Reached skill level 13 in Invocations
 27538 | D:15     | Received a gift from Okawaru
 27594 | D:15     | Reached skill level 5 in Transmutations
 27674 | D:15     | Found a staircase to the Depths.
 28153 | Depths:1 | Entered Level 1 of the Depths
 28153 | Depths:1 | Noticed Sojobo
 28153 | Depths:1 | Noticed a tengu reaver
 28153 | Depths:1 | Noticed a tengu reaver
 28168 | D:15     | Killed a tengu reaver
 28169 | D:15     | Reached skill level 5 in Spellcasting
 28355 | D:15     | Killed a tengu reaver
 28356 | D:15     | Reached XP level 17. HP: 78/138 MP: 26/26
 28415 | Depths:1 | Killed Sojobo
 28416 | Depths:1 | Reached skill level 13 in Armour
 28416 | Depths:1 | Reached skill level 6 in Earth Magic
 28618 | Depths:1 | Found a gateway to a ziggurat.
 28619 | Depths:1 | Noticed Nikola
 28642 | Depths:1 | Killed Nikola
 28646 | Depths:1 | HP: 11/138 [spark wasp (8)]
 28646 | Depths:1 | Slain by a spark wasp

Vanquished Creatures
  Sojobo (Depths:1)
  Nikola (Depths:1)
  2 tengu reavers (D:15)
  Gastronok (Lair:1)
  The ghost of emiel the Geomancer, a journeyman DsWn of Ru (Orc:2)
  A stone giant (Depths:1)
  A minotaur (Lair:5)
  A dire elephant (Lair:6)
  Snorg (D:10)
  Josephine (D:14)
  A fire dragon (Depths:1)
  5 vault guards (D:14)
  10 hydras
  A boulder beetle (D:15)
  An ogre mage (D:15)
  Harold (D:7)
  The ghost of sn0wgr3 the Blocker, a journeyman GrFi of Okawaru (D:11)
  2 catoblepae
  A death knight (D:15)
  A tengu warrior (D:11)
  2 centaur warriors (D:14)
  The ghost of vurker the Zephyrmancer, a journeyman FeAE of Vehumet (Lair:5)
  9 two-headed ogres
  12 death yaks
  Sonja (Lair:1)
  Urug (D:11)
  5 skeletal warriors (D:13)
  A lindwurm (Lair:6)
  A deep elf archer (D:14)
  A phantasmal warrior (D:15)
  8 deep elf pyromancers
  2 orc knights (Orc:2)
  A wolf spider zombie (D:15)
  A necromancer (D:15)
  3 wizards
  An oklob plant (Lair:3)
  10 ugly things
  2 orc sorcerers
  3 manticores
  8 cyclopes
  9 elephants
  Maurice (Orc:1)
  Joseph (D:7)
  4 black mambas
  3 unseen horrors
  2 gargoyles
  A freezing wraith (D:15)
  6 rime drakes
  2 yaktaurs (D:14)
  15 cane toads
  13 komodo dragons
  An efreet (Volcano)
  A tengu conjurer (D:14)
  A queen bee (D:15)
  4 polar bears
  5 trolls
  17 blink frogs
  A harpy skeleton (D:15)
  9 dream sheep (Lair:6)
  13 slime creatures
  A centaur simulacrum (D:15)
  A water elemental (D:15)
  A shadow (D:10)
  10 wraiths
  48 yaks
  5 wyverns
  3 fire elementals (Volcano)
  6 basilisks
  13 vampire mosquitoes
  2 wargs (Orc:1)
  4 nagas (Lair:2)
  An acid dragon (D:11)
  An ice beast (D:7)
  19 water moccasins
  A sky beast (D:5)
  4 black bears
  A hornet zombie (D:8)
  31 orc warriors
  11 ogres
  13 centaurs
  13 wolves
  A phantom (D:5)
  3 kobold brigands
  17 bullfrogs
  A gnoll sergeant (D:8)
  A water moccasin zombie (Ossuary)
  A water moccasin skeleton (D:5)
  A wyvern skeleton (D:6)
  14 killer bees
  13 wights
  4 howler monkeys
  2 centaur zombies
  3 hounds
  A crimson imp (D:7)
  10 orc priests
  A bullfrog skeleton (D:5)
  A bullfrog zombie (D:5)
  A gnoll shaman (D:8)
  7 jellies
  Ijyb (D:4)
  Terence (D:2)
  3 iguanas
  17 orc wizards
  5 hell rats (Lair:6)
  A killer bee zombie (D:9)
  A hound skeleton (D:5)
  3 mummies
  11 gnolls
  9 adders
  A white imp (D:7)
  2 ufetubi (D:5)
  6 worms
  5 adder zombies (Ossuary)
  4 dart slugs
  84 orcs
  9 bats
  5 endoplasms
  2 giant cockroaches
  A gnoll zombie (Ossuary)
  4 hobgoblins
  4 jackals (D:4)
  2 quokkas
  13 ball pythons
  2 frilled lizards
  5 goblins
  6 hobgoblin zombies (Ossuary)
  15 kobolds
  4 kobold zombies (Ossuary)
  4 orc zombies (Ossuary)
  2 rats (D:3)
720 creatures vanquished.

Vanquished Creatures (others)
  A spark wasp (Depths:1)
  A tengu conjurer (D:15)
  A bush (Lair:6)
  59 fungi
  62 plants
124 creatures vanquished.

Grand Total: 844 creatures vanquished

Table legend: (Time is in decaauts)
 A = Elapsed time spent in this place.
 B = Non-inter-level travel time spent in this place.
 C = Inter-level travel time spent in this place.
 D = Time resting spent in this place.
 E = Time spent auto-exploring this place.
 F = Levels seen in this place.
 G = Mean time per level.
                   A        B        C        D        E       F      G
               +--------+--------+--------+--------+--------+-----+--------+
         Total |  28435 |  27127 |   1308 |   1803 |  19290 |  27 | 1053.1 |
       Dungeon |  17096 |  16278 |    818 |   1338 |  11437 |  15 | 1139.7 |
        Temple |     91 |     72 |     19 |      0 |     61 |   1 |   91.0 |
          Lair |   8865 |   8468 |    397 |    418 |   6415 |   6 | 1477.5 |
  Orcish Mines |   1621 |   1548 |     73 |      0 |   1082 |   2 |  810.5 |
        Depths |    253 |    253 |      0 |     47 |    132 |   1 |  253.0 |
       Ossuary |    265 |    265 |      0 |      0 |     53 |   1 |  265.0 |
       Volcano |    242 |    242 |      0 |      0 |    109 |   1 |  242.0 |
               +--------+--------+--------+--------+--------+-----+--------+

Top non-repeatable levels by time:
     D:8: 2311 daAuts
  Lair:6: 2165 daAuts
     D:7: 1658 daAuts
  Lair:1: 1581 daAuts
     D:6: 1417 daAuts
     D:9: 1416 daAuts
  Lair:5: 1382 daAuts
    D:10: 1367 daAuts
    D:15: 1337 daAuts
  Lair:3: 1324 daAuts
  Lair:2: 1266 daAuts
  Lair:4: 1144 daAuts
    D:14: 1040 daAuts
    D:12: 1013 daAuts
     D:4: 1008 daAuts

Table legend:
 A = Non-vault XP
 B = Vault XP
 C = Vault XP percentage of total XP
 D = Non-vault monster count
 E = Vault monster count
 F = Vault count percentage of total count
                 A         B        C        D         E       F
            +---------+---------+-------+---------+---------+-------
      Total |  103406 |   58225 |  36.0 |     493 |     228 |  31.6
            +---------+---------+-------+---------+---------+-------
        D:1 |      27 |       3 |  10.0 |      14 |       2 |  12.5
        D:2 |      53 |      36 |  40.4 |      10 |       1 |   9.1
        D:3 |      47 |       0 |   0.0 |      19 |       0 |   0.0
        D:4 |     143 |      38 |  21.0 |      19 |       1 |   5.0
        D:5 |     637 |      16 |   2.5 |      16 |       1 |   5.9
        D:6 |    1042 |       0 |   0.0 |      17 |       0 |   0.0
        D:7 |    1193 |    1335 |  52.8 |      20 |       4 |  16.7
        D:8 |    2922 |       9 |   0.3 |      30 |       3 |   9.1
        D:9 |    2020 |     359 |  15.1 |      12 |      29 |  70.7
       D:10 |    2013 |    1297 |  39.2 |      20 |       2 |   9.1
       D:11 |    2472 |    5306 |  68.2 |      12 |      10 |  45.5
       D:12 |    7469 |       0 |   0.0 |      30 |       0 |   0.0
       D:13 |    7649 |       0 |   0.0 |      18 |       0 |   0.0
       D:14 |    8501 |    8352 |  49.6 |      20 |      15 |  42.9
       D:15 |   16551 |    7784 |  32.0 |      32 |      23 |  41.8
     Lair:1 |    5191 |    2826 |  35.3 |      31 |       5 |  13.9
     Lair:2 |    2891 |    4961 |  63.2 |      14 |      18 |  56.2
     Lair:3 |    9950 |       0 |   0.0 |      32 |       0 |   0.0
     Lair:4 |    9607 |       0 |   0.0 |      29 |       0 |   0.0
     Lair:5 |    3868 |    2747 |  41.5 |      12 |      12 |  50.0
     Lair:6 |   12015 |   10063 |  45.6 |      40 |      21 |  34.4
      Orc:1 |    1968 |     473 |  19.4 |      22 |       9 |  29.0
      Orc:2 |    2035 |    5968 |  74.6 |      20 |      43 |  68.3
   Depths:1 |    3142 |    5548 |  63.8 |       4 |       2 |  33.3
    Ossuary |       0 |     161 | 100.0 |       0 |      23 | 100.0
    Volcano |       0 |     943 | 100.0 |       0 |       4 | 100.0
            +---------+---------+-------+---------+---------+-------
